 Dungeon Crawl Stone Soup version 0.23-a0-404-g0063841 (webtiles) character file.

167 galech the Skirmisher (level 5, 11/41 HPs)
             Began as a Demonspawn Fighter on Nov 5, 2018.
             Quit the game on level 3 of the Dungeon.
             The game lasted 00:03:32 (1936 turns).

galech the Skirmisher (Demonspawn Fighter)          Turns: 1936, Time: 00:03:33

Health: 11/41      AC: 13    Str: 17    XL:     5   Next: 23%
Magic:  4/5        EV:  5    Int:  9    God:
Gold:   142        SH:  9    Dex: 13    Spells: 4/4 levels left

rFire    . . .     SeeInvis .   a - +0 war axe
rCold    . . .     Gourm    .   c - +0 shield
rNeg     . . .     Faith    .   q - +0 chain mail
rPois    .         Spirit   +   r - +1 hat
rElec    .         Reflect  .   s - +0 cloak
rCorr    .         Harm     .   (no gloves)
MR       .....                  (no boots)
Stlth    ..........             (no amulet)
HPRegen  0.13/turn              (no ring)
MPRegen  0.09/turn              (no ring)

@: no status effects
A: molten scales 1, nightstalker 1, magic shield
a: no special abilities


You were on level 3 of the Dungeon.
You were hungry.

You visited 1 branch of the dungeon, and saw 3 of its levels.

You collected 142 gold pieces.

Inventory:

Hand Weapons
 a - a +0 war axe (weapon)
Armour
 c - a +0 shield (worn)
 q - a +0 chain mail (worn)
 r - a +1 hat (worn)
 s - a +0 cloak (worn)
Jewellery
 p - an uncursed ring of ice
Wands
 t - a wand of acid (10)
Scrolls
 b - a scroll of fear {unknown}
 g - a scroll of amnesia {unknown}
 i - 4 scrolls of remove curse {unknown}
 l - 2 scrolls of identify {unknown}
Potions
 d - 2 potions of might
 e - a potion of mutation {unknown}
 j - a potion of heal wounds {unknown}
 k - 4 potions of curing {unknown}
 m - a potion of brilliance {unknown}
 n - 3 potions of agility {unknown}
 o - a potion of invisibility {unknown}
Comestibles
 f - 3 rations
 h - 6 chunks of flesh


   Skills:
 + Level 3.6 Fighting
 + Level 3.3 Axes
 + Level 3.3 Armour
 + Level 0.8 Dodging
 + Level 3.4 Shields


You had 4 spell levels left.
You didn't know any spells.
Your spell library was empty.

Dungeon Overview and Level Annotations

Branches:
Dungeon (3/15)

Altars:
Cheibriados
Dithmenos
Hepliaklqana
Trog


Innate Abilities, Weirdness & Mutations

You are partially covered in molten scales. (AC +2)
You are slightly more attuned to the shadows.
When hurt, damage is shared between your health and your magic reserves.


Message History

Your chain mail prevents you from hitting the orc.
The orc is severely wounded.
You block the orc's attack.
You slash the orc!
You kill the orc!
The orc hits you but does no damage.
Your shield and chain mail prevent you from hitting the orc.
The orc hits you but does no damage.
You slash the orc!
You kill the orc!
There is an open door, spattered with blood here.
Items here: ))) [ ††
There is an open door, spattered with blood here.
Items here: ))) [ †† Butcher an orc corpse? [(y)es/(n)o/(a)ll/(q)uit/?]
You butcher the orc corpse. x2
h - 4 chunks of flesh (gained 1);
h - 6 chunks of flesh (gained 2)
There is an open door, spattered with blood here.
Items here: ))) [ ÷÷ Are you sure you want to abandon this character and quit the game? (Confirm

#.... #.... ..^ #....
####.. ###....
######.... .......
#........ #.... #.......
##### #......###### ####
'......@)...# #...
#......####.# #...
###########.#########...
....................
########.#####.#####
#.....# # # #.....## ###
#......# #.. #....#.# .#
#.#


There were no monsters in sight!

Vanquished Creatures
  Crazy Yiuf (D:2)
  An orc wizard (D:3)
  3 adders (D:2)
  4 oozes
  A leopard gecko (D:1)
  4 orcs (D:3)
  A giant cockroach (D:2)
  5 goblins
  3 hobgoblins
  12 jackals
  3 bats
  6 frilled lizards
  6 kobolds
  3 rats
53 creatures vanquished.

Vanquished Creatures (others)
  An orc wizard (D:3)
1 creature vanquished.

Grand Total: 54 creatures vanquished

Notes
Turn   | Place    | Note
-------+----------+-------------------------------------------
     0 | D:1      | galech the Demonspawn Fighter began the quest for the Orb.
     0 | D:1      | Reached XP level 1. HP: 18/18 MP: 1/1
   357 | D:1      | Gained mutation: When hurt, damage is shared between your
                  | health and your magic reserves. [demonic ancestry]
   357 | D:1      | Reached XP level 2. HP: 15/24 MP: 2/2
   782 | D:2      | Gained mutation: You are partially covered in molten
                  | scales. (AC +2) [demonic ancestry]
   782 | D:2      | Reached XP level 3. HP: 29/29 MP: 3/3
   877 | D:2      | Found a runed door.
  1068 | D:2      | Reached XP level 4. HP: 34/35 MP: 4/4
  1121 | D:2      | Found a bloodstained altar of Trog.
  1124 | D:2      | Found a shadowy altar of Dithmenos.
  1141 | D:2      | Found a snail-covered altar of Cheibriados.
  1153 | D:2      | Found a hazy altar of Hepliaklqana.
  1514 | D:2      | Noticed Crazy Yiuf
  1522 | D:2      | Killed Crazy Yiuf
  1897 | D:3      | Gained mutation: You are slightly more attuned to the
                  | shadows. [demonic ancestry]
  1897 | D:3      | Reached XP level 5. HP: 41/41 MP: 5/5
  1936 | D:3      | Quit the game

Vault maps used:
D:1:      dpeg_arrival_boxorama
D:2:      grunt_temple_overflow_cloverleaf, uniq_crazy_yiuf_cottage
D:3:      kennysheep_ying_yang, xom_teletrap_fun

Skill      XL: |  1  2  3  4 |
---------------+-------------+-----
Armour         | 3 |  3.3
Axes           | 2 3 |  3.3
Shields        | 3 |  3.4
Fighting       | |  3.6
Dodging        | |  0.8

Action                   |  1- 3 |  4- 6 || total
-------------------------+-------+-------++-------
Melee: War axe           |   114 |    94 ||   208
  Eat: Chunk             |     1 |     2 ||     3
Armor: Scale mail        |    60 |       ||    60
       Chain mail        |     1 |    62 ||    63
Dodge: Dodged            |    41 |    16 ||    57
Block: Shield            |    56 |    46 ||   102

Table legend:
 A = Non-vault XP
 B = Vault XP
 C = Vault XP percentage of total XP
 D = Non-vault monster count
 E = Vault monster count
 F = Vault count percentage of total count
                 A         B        C        D         E       F
            +---------+---------+-------+---------+---------+-------
      Total |     198 |      41 |  17.2 |      53 |       1 |   1.9
            +---------+---------+-------+---------+---------+-------
        D:1 |      36 |       0 |   0.0 |      19 |       0 |   0.0
        D:2 |      87 |      41 |  32.0 |      25 |       1 |   3.8
        D:3 |      75 |       0 |   0.0 |       9 |       0 |   0.0
            +---------+---------+-------+---------+---------+-------
